Map: Blackburn LE

Players

MaSa - Winner!

  • Race: Terran Terran

Namshar

  • Race: Zerg Zerg

Event: DreamHack SC2 Masters 2021 Fall

VOD

Have the link to the VOD?

Description

Time

  • Played on: Aug. 13, 2021, 3:09 p.m.
  • Length: 7:25

All games in this series

Show
View Real Time Build Order
Export as new Build Order

MaSa Terran - Winner!

Build Orders: 2 Factory, Hellion Opening, Reaper Expand 

Get SALT Encoding   

  12  0:01  SCV  
  13  0:13  SCV  
  14  0:17  Supply Depot  
  14  0:25  SCV  
  15  0:39  SCV  
  15  0:40  Barracks  
  16  0:44  Refinery  
  16  0:51  SCV  
  17  1:03  SCV  
  18  1:15  SCV  
  19  1:27  Reaper, Orbital Command  
  20  1:40  Command Center  
  20  1:49  Supply Depot  
  20  1:54  Refinery  
  20  1:56  SCV  
  20  1:59  Marine  
  22  2:08  SCV  
  22  2:14  Factory  
  23  2:20  Barracks Reactor, SCV  
  24  2:32  SCV  
  25  2:42  Factory  
  25  2:45  SCV  
  26  2:53  Orbital Command  
  26  2:57  SCV  
  27  3:05  Hellion x2  
  31  3:06  Marine  
  31  3:09  SCV  
  33  3:20  SCV  
  33  3:21  SCV  
  33  3:26  Factory Tech Lab  
  33  3:27  Marine, Hellion x2  
  39  3:32  SCV  
  39  3:33  SCV  
  42  3:34  Supply Depot  
  42  3:44  Marine, SCV  
  42  3:45  Cyclone  
  46  3:56  SCV x2, Hellion  
  46  3:57  Supply Depot, Hellion  
  46  4:01  Infernal Pre-Igniter  
  52  4:08  SCV x2  
  52  4:20  SCV x2, Hellion x2  
  56  4:25  Cyclone  
  56  4:28  Supply Depot  
  55  4:32  SCV  
  55  4:33  SCV  
  57  4:40  Refinery  
  57  4:41  Hellion x2  
  57  4:44  SCV  
  57  4:45  Refinery  
  62  4:46  Barracks Tech Lab  
  62  4:49  SCV  
  63  4:52  Supply Depot  
  63  4:56  SCV  
  64  5:01  SCV, Command Center  
  65  5:07  Cyclone  
  65  5:08  SCV  
  69  5:14  Hellion  
  69  5:15  Supply Depot  
  69  5:17  SCV  
  72  5:27  SCV  
  73  5:29  Hellion  
  73  5:31  Engineering Bay  
  74  5:35  SCV  
  74  5:39  SCV  
  74  5:42  Hellion, Cyclone  
  80  5:47  SCV  
  81  5:51  SCV  
  81  5:53  Armory  
  82  5:59  SCV, Armory  
  82  6:03  SCV, Factory  
  80  6:12  SCV  
Show
View Real Time Build Order
Export as new Build Order

Namshar Zerg 

Build Orders: Hatch First, Muta Ling Bane 

Get SALT Encoding   

  12  0:00  Drone  
  13  0:12  Overlord  
  13  0:17  Drone  
  14  0:30  Drone x2  
  16  0:47  Hatchery  
  15  0:51  Drone  
  15  0:54  Drone  
  17  0:58  Drone  
  18  1:08  Extractor  
  17  1:13  Spawning Pool  
  17  1:16  Drone  
  17  1:19  Drone  
  18  1:27  Drone  
  19  1:38  Drone  
  20  1:48  Overlord  
  20  1:59  Queen x2  
  20  2:00  Zergling x4  
  26  2:07  Metabolic Boost  
  26  2:10  Drone  
  26  2:11  Drone  
  28  2:22  Drone x2  
  30  2:32  Overlord  
  30  2:34  Drone  
  31  2:38  Queen  
  31  2:43  Drone x2  
  35  2:54  Overlord  
  35  2:56  Drone  
  36  3:04  Drone x2  
  38  3:09  Drone x3  
  38  3:10  Drone x3  
  38  3:12  Lair  
  44  3:18  Drone  
  45  3:21  Overlord  
  45  3:26  Extractor  
  44  3:28  Drone x2  
  44  3:34  Baneling Nest  
  45  3:38  Drone x2  
  47  3:42  Drone x3  
  47  3:44  Extractor  
  47  3:46  Drone x3  
  52  3:49  Extractor  
  52  3:54  Hatchery  
  49  3:58  Drone  
  49  3:59  Drone  
  49  4:02  Overlord  
  51  4:06  Zergling x2  
  46  4:18  Drone x5  
  47  4:25  Drone x2  
  47  4:29  Spire  
  48  4:31  Drone  
  48  4:33  Drone  
  50  4:39  Drone  
  50  4:43  Centrifical Hooks  
  51  4:49  Overlord  
  51  4:50  Overlord  
  51  4:52  Drone  
  52  4:57  Overlord  
  52  4:58  Drone x2  
  54  5:05  Drone x3  
  57  5:12  Drone x4  
  61  5:15  Queen  
  61  5:20  Evolution Chamber  
  61  5:23  Evolution Chamber  
  61  5:27  Overlord  
  58  5:40  Mutalisk x4  
  66  5:47  Mutalisk  

Tags
 
Add a new tag
Caveats
  • Supply blocks, unpowered buildings, or Contaminate may cause inaccurate times.
  • Supply counts are checked every 10 seconds.